 Dungeon Crawl Stone Soup version 0.22.0 (webtiles) character file.

2662 ventricule the Covert (level 9, -3/51 HPs)
             Began as a Halfling Enchanter on Aug 11, 2018.
             Was a Follower of Dithmenos.
             Killed from afar by Harold (27 damage)
             ... with a wand of acid (8)
             ... on level 7 of the Dungeon.
             The game lasted 00:26:52 (8786 turns).

ventricule the Covert (Halfling Enchanter)          Turns: 8786, Time: 00:26:53

Health: -3/51      AC:  4    Str:  9    XL:     9   Next: 94%
Magic:  6/12       EV: 10    Int: 16    God:    Dithmenos [*.....]
Gold:   291        SH:  0    Dex: 15    Spells: 0/12 levels left

rFire    . . .     SeeInvis .   a - +1 dagger
rCold    . . .     Gourm    .   (shield restricted)
rNeg     . . .     Faith    .   g - +0 robe
rPois    .         Spirit   .   t - +0 helmet
rElec    .         Reflect  .   s - +0 cloak
rCorr    .         Harm     .   (no gloves)
MR       .....                  (no boots)
Stlth    +++++.....             (no amulet)
HPRegen  0.17/turn              (no ring)
MPRegen  0.13/turn              (no ring)

@: marked, very slightly contaminated, held, wreathed by umbra
A: small, mutation resistance 1
a: Renounce Religion


You were on level 7 of the Dungeon.
You worshipped Dithmenos.
Dithmenos was aware of your devotion.
You were hungry.

You visited 2 branches of the dungeon, and saw 8 of its levels.

You collected 291 gold pieces.

Inventory:

Hand Weapons
 a - a +1 dagger (weapon)
 b - a +3 short sword
 m - a +1 antimagic dagger
Missiles
 d - a throwing net {=f}
 k - 42 sling bullets
 u - 9 tomahawks
 z - 18 poisoned needles
 Q - 216 stones (quivered)
Armour
 g - a +0 robe (worn)
 s - a +0 cloak (worn)
 t - a +0 helmet (worn)
Jewellery
 C - an uncursed ring of protection from cold {unknown}
 G - an uncursed amulet of guardian spirit {Spirit}
Wands
 f - a wand of acid (7)
 n - a wand of disintegration (6)
 o - a wand of flame (21)
Scrolls
 c - 4 scrolls of magic mapping {!r}
 i - 3 scrolls of identify
 y - a scroll of immolation {!r}
 A - a scroll of remove curse
Potions
 h - a potion of haste
 j - a potion of cancellation
 l - a potion of degeneration {!q}
 p - a potion of mutation {unknown}
 q - 3 potions of curing
 r - a potion of flight {unknown}
 v - 2 potions of might {unknown}
 w - a potion of lignification {unknown}
 x - 2 potions of agility {unknown}
 B - a potion of heal wounds {unknown}
Comestibles
 e - 13 rations
 D - a chunk of flesh


   Skills:
 + Level 7.5 Short Blades
 + Level 7.2 Dodging
 + Level 8.2 Stealth
 - Level 2.0 Spellcasting
 - Level 5.1 Hexes
 - Level 3.4 Ice Magic


You couldn't memorise any spells.
You knew the following spells:

 Your Spells              Type           Power        Failure   Level  Hunger
a - Ensorcelled Hibernat  Hex/Ice        ###...       5%          2    ###....
b - Tukima's Dance        Hex            ###.....     8%          3    ###....
c - Confuse               Hex            ###.....     8%          3    ###....
d - Dazzling Spray        Conj/Hex       #.....       22%         3    ###....
v - Corona                Hex            ###....      2%          1    #......

Your spell library contained the following spells:

 Spells                   Type           Power        Failure   Level  Hunger
 Magic Dart               Conj           #...         21%         1    #......
 Iskenderun's Mystic Bla  Conj           #.......     90%         4    #####..
 Regeneration             Chrm/Necr      #.........   52%         3    ###....
 Shroud of Golubria       Chrm/Tloc      #.........   30%         2    ###....
 Fulminant Prism          Conj/Hex       #.........   56%         4    #####..
 Force Lance              Conj/Tloc      #.......     90%         4    #####..
 Infusion                 Chrm           #...         21%         1    #......
 Song of Slaying          Chrm           #.......     30%         2    ###....
 Spectral Weapon          Hex/Chrm       #.......     22%         3    ###....
 Searing Ray              Conj           #.....       30%         2    ###....


Dungeon Overview and Level Annotations

Branches:
Dungeon (7/15)             Temple (1/1) D:4

Altars:
Cheibriados
Dithmenos
Elyvilon
Gozag
Hepliaklqana
Makhleb
Nemelex Xobeh
Ru
Sif Muna
Trog
Vehumet
Yredelemnul
Zin
The Shining One

Annotations:
D:7 Harold


Innate Abilities, Weirdness & Mutations

You are small and have problems with some larger weapons.
You are somewhat resistant to further mutation.


Message History

Ouch! That really hurt!
* * * LOW HITPOINT WARNING * * *
You take 28 damage, and have 23/51 hp.
MASSIVE DAMAGE!!
You now have 6/12 mp.
Harold points at you and mumbles some strange words.
A sentinel's mark forms upon you.
You see here a throwing net {=f}.
Harold throws a throwing net.
The throwing net hits you.
You become entangled in the net!
You see here a throwing net {=f}.
Okay, then.
Aim: Harold, wielding a halberd, wearing a chain mail and carrying a wand of acid (8) (moderately wounded, covered in acid, chance to defeat MR: 30%)
Okay, then.
Aim: Harold, wielding a halberd, wearing a chain mail and carrying a wand of acid (8) (moderately wounded, covered in acid)
The bolt of acid misses Harold.
Harold zaps a wand.
The bolt of acid hits you!
Ouch! That really hurt!
You die...

###..........# .#
.............. #.##.#
###......... .##.##.#
#......... ..#.##.#
#......... #.#.##.#
###......... #.#.##.#
.......##### #.#.##.#
.......#######...##.######
................@(..@....#
.......########..##...<#.#
.......# ##.#######
.......# #.# ......... #.#
.......... #.# ..........#
#.. #.........# #..


You could see Harold.

Vault maps used:
D:1:      minmay_arrival_four_circles
D:3:      serial_glass, glass_columns_a, glass_columns_c, first_ration,
          uniq_jessica, uniq_terence, uniq_crazy_yiuf_cottage, uniq_sigmund,
          uniq_grinder
D:4:      lemuel_doored_altar, minmay_temple_entry_poolview, uniq_edmund,
          uniq_robin, uniq_menkaure, uniq_eustachio
D:6:      basic_altar
D:7:      sword_in_stone, uniq_duvessa, uniq_harold
Temple:   compressed_dpeg_triangle_lava_temple

Notes
Turn   | Place    | Note
-------+----------+-------------------------------------------
     0 | D:1      | ventricule the Halfling Enchanter began the quest for the Orb.
     0 | D:1      | Reached XP level 1. HP: 11/11 MP: 3/3
   316 | D:1      | Reached XP level 2. HP: 9/17 MP: 4/4
   320 | D:1      | Learned a level 2 spell: Ensorcelled Hibernation
   613 | D:1      | Reached XP level 3. HP: 20/21 MP: 5/5
   620 | D:1      | Reached skill level 2 in Short Blades
  1203 | D:2      | Identified 2 potions of degeneration
  1203 | D:2      | HP: 2/21 [adder (4)]
  1204 | D:2      | Identified a potion of curing
  1205 | D:2      | Identified a potion of ambrosia
  1206 | D:2      | Identified a potion of resistance
  1243 | D:2      | Identified a scroll of magic mapping
  1244 | D:2      | Identified a scroll of immolation
  1245 | D:2      | Identified a scroll of remove curse
  1246 | D:2      | Identified a scroll of fog
  1355 | D:2      | Reached XP level 4. HP: 14/27 MP: 0/6
  1510 | D:2      | Reached skill level 3 in Dodging
  1510 | D:2      | Reached skill level 4 in Stealth
  1541 | D:2      | Identified a scroll of identify
  1541 | D:2      | Identified a potion of cancellation
  1734 | D:2      | Reached skill level 3 in Hexes
  1822 | D:2      | Learned a level 3 spell: Confuse
  2267 | D:3      | Identified a +3 short sword (You took it off a kobold on level 2 of the Dungeon)
  2276 | D:3      | Reached XP level 5. HP: 10/31 MP: 2/7
  2282 | D:3      | HP: 7/31 [poisoned by an adder]
  2288 | D:3      | HP: 6/31 [poisoned by an adder]
  2296 | D:3      | HP: 4/31 [poisoned by an adder]
  2598 | D:3      | Noticed Grinder
  2626 | D:3      | Noticed Jessica
  2661 | D:3      | Killed Jessica
  2661 | D:3      | Reached skill level 3 in Short Blades
  2698 | D:3      | Found a runed door.
  2915 | D:3      | Noticed Terence
  2920 | D:3      | Identified a +1 dagger
  2938 | D:3      | HP: 4/31 [Terence/wand of flame (21) (11)]
  2939 | D:3      | Killed Terence
  3311 | D:3      | Noticed Sigmund
  3320 | D:3      | Killed Sigmund
  3320 | D:3      | Reached skill level 3 in Ice Magic
  3320 | D:3      | Reached XP level 6. HP: 36/36 MP: 3/8
  3518 | D:3      | Noticed Crazy Yiuf
  3522 | D:3      | Killed Crazy Yiuf
  3522 | D:3      | Reached XP level 7. HP: 41/41 MP: 9/9
  3530 | D:3      | Identified a +0 cloak (You took it off Crazy Yiuf on level 3 of the Dungeon)
  3583 | D:3      | Killed Grinder
  3583 | D:3      | Reached skill level 4 in Short Blades
  3583 | D:3      | Reached skill level 4 in Dodging
  3583 | D:3      | Reached skill level 5 in Stealth
  3637 | D:3      | Identified a scroll of random uselessness
  3638 | D:3      | Identified 2 potions of haste
  3669 | D:4      | Noticed Robin
  3726 | D:4      | Killed Robin
  3753 | D:4      | Noticed Edmund
  3915 | D:4      | Found a staircase to the Ecumenical Temple.
  3984 | Temple   | Entered the Ecumenical Temple
  3993 | Temple   | Became a worshipper of Dithmenos the Shadowed
  4046 | D:4      | Noticed Menkaure
  4109 | D:4      | HP: 10/41 [leopard gecko skeleton (1)]
  4206 | D:3      | Identified a +0 helmet (You took it off Robin on level 4 of the Dungeon)
  4409 | D:4      | Found a sparkling altar of Nemelex Xobeh.
  4795 | D:4      | Reached XP level 8. HP: 46/46 MP: 10/10
  4842 | D:4      | Killed Menkaure
  4842 | D:4      | Reached skill level 4 in Hexes
  4848 | D:4      | Learned a level 3 spell: Tukima's Dance
  4890 | D:4      | Noticed Eustachio
  4962 | D:4      | Killed Edmund
  4962 | D:4      | Reached skill level 5 in Short Blades
  4962 | D:4      | Reached skill level 5 in Dodging
  5130 | D:4      | Killed Eustachio
  5130 | D:4      | Reached skill level 6 in Stealth
  5172 | D:5      | Entered Level 5 of the Dungeon
  5172 | D:5      | Noticed a two-headed ogre
  5180 | D:5      | HP: 6/46 [two-headed ogre/dire flail (19)]
  6088 | D:5      | HP: 3/46 [two-headed ogre/giant spiked club (20)]
  6428 | D:5      | Reached XP level 9. HP: 51/51 MP: 8/11
  6484 | D:5      | Reached * piety under Dithmenos
  6631 | D:6      | Reached skill level 6 in Short Blades
  6881 | D:6      | Identified a scroll of summoning
  6882 | D:6      | Identified a scroll of noise
  6958 | D:6      | Reached skill level 6 in Dodging
  6958 | D:6      | Reached skill level 7 in Stealth
  6991 | D:6      | Reached skill level 5 in Hexes
  7358 | D:6      | Reached skill level 2 in Spellcasting
  7551 | D:6      | Reached skill level 7 in Short Blades
  7885 | D:6      | Found a basalt altar of Yredelemnul.
  8043 | D:6      | Identified an amulet of guardian spirit (You found it on level 6 of the Dungeon)
  8139 | D:6      | Learned a level 3 spell: Dazzling Spray
  8235 | D:7      | Noticed Blork the orc
  8373 | D:7      | Killed Blork the orc
  8404 | D:7      | Reached skill level 8 in Stealth
  8508 | D:7      | Reached skill level 7 in Dodging
  8618 | D:7      | Identified a scroll of amnesia
  8770 | D:7      | Noticed Harold
  8786 | D:7      | Killed from afar by Harold

Table legend:
 A = Turns spent in this place as a percentage of turns spent in the entire game.
 B = Non-inter-level travel turns spent in this place as a percentage of non-inter-level travel turns spent in the entire game.
 C = Inter-level travel turns spent in this place as a percentage of turns spent in this place.
 D = Turns resting spent in this place as a percentage of non-inter-level travel turns spent in this place.
 E = Turns spent auto-exploring this place as a percentage of non-inter-level travel turns spent in this place.
 F = Non-inter-level travel turns spent in this place divided by the number of levels of this place that you've seen.
                   A       B       C       D       E      F
               +-------+-------+-------+-------+-------+----------------------
         Total | 100.0 | 100.0 |   4.8 |  37.9 |  40.0 | 1045.5
       Dungeon |  99.8 |  99.9 |   4.7 |  38.0 |  40.0 | 1193.1
        Temple |   0.2 |   0.1 |  36.8 |   0.0 |   8.3 |  12.0
               +-------+-------+-------+-------+-------+----------------------

Table legend:
 A = Kills in this place as a percentage of kills in entire the game.
 B = Kills by you in this place as a percentage of kills by you in the entire game.
 C = Kills by friends in this place as a percentage of kills by friends in the entire game.
 D = Other kills in this place as a percentage of other kills in the entire game.
 E = Experience gained in this place as a percentage of experience gained in the entire game.
 F = Experience gained in this place divided by the number of levels of this place that you have seen.
                   A       B       C       D       E      F
               +-------+-------+-------+-------+-------+----------------------
         Total | 100.0 | 100.0 |   N/A | 100.0 | 100.0 | 475.4
       Dungeon | 100.0 | 100.0 |   N/A | 100.0 | 100.0 | 543.3
               +-------+-------+-------+-------+-------+----------------------

Skill      XL: |  1  2  3  4  5  6  7  8  9 |
---------------+----------------------------+-----
Short Blades   | 2 3 4 5 7 |  7.5
Dodging        | 3 4 5 7 |  7.2
Stealth        | 4 5 6 8 |  8.2
Hexes          | 3 4 5 |  5.1
Ice Magic      | 3 |  3.4
Spellcasting   | 2 |  2.0

Action                   |  1- 3 |  4- 6 |  7- 9 || total
-------------------------+-------+-------+-------++-------
Melee: Dagger            |   102 |    67 |    39 ||   208
       Short sword       |       |    58 |   255 ||   313
Throw: Stone             |       |     1 |       ||     1
 Cast: Corona            |     4 |       |       ||     4
       Ensorcelled Hiber |    12 |    16 |    43 ||    71
       Confuse           |       |       |    11 ||    11
       Tukima's Dance    |       |       |     3 ||     3
Evoke: Wand              |       |     1 |     5 ||     6
  Use: Scroll            |     4 |     1 |     5 ||    10
       Potion            |     4 |       |     1 ||     5
 Stab: Sleeping          |    13 |    14 |    37 ||    64
       Distracted        |       |     1 |       ||     1
       Confused          |       |       |     6 ||     6
  Eat: Chunk             |     3 |     8 |    18 ||    29
       Ration            |       |       |     1 ||     1
Armor: Robe              |    23 |    13 |    18 ||    54
Dodge: Dodged            |    92 |    80 |   217 ||   389

Vanquished Creatures
  Grinder (D:3)
  Sigmund (D:3)
  Eustachio (D:4)
  Menkaure (D:4)
  Edmund (D:4)
  A sky beast (D:5)
  A black bear (D:6)
  An orc warrior (D:7)
  4 ogres
  2 centaurs
  2 bullfrogs (D:6)
  Blork the orc (D:7)
  2 scorpions
  3 wights (D:7)
  A howler monkey (D:5)
  A bullfrog zombie (D:5)
  A centaur zombie (D:6)
  A crimson imp (D:6)
  A jelly (D:6)
  A hound (D:6)
  An orc priest (D:6)
  Crazy Yiuf (D:3)
  Jessica (D:3)
  An iguana (D:5)
  Terence (D:3)
  3 orc wizards
  2 worker ants
  A hound zombie (D:6)
  A worker ant zombie (D:6)
  Robin (D:4)
  10 adders
  A shadow imp (D:7)
  2 oozes (D:1)
  An adder skeleton (D:6)
  3 worms
  A dart slug (D:1)
  6 leopard geckos
  17 orcs
  8 bats
  7 giant cockroaches
  14 goblins
  8 hobgoblins
  3 jackals (D:2)
  6 kobolds
  4 quokkas
  3 ball pythons
  4 frilled lizards
  A leopard gecko skeleton (D:4)
  A leopard gecko zombie (D:7)
  8 rats
149 creatures vanquished.
